 Dungeon Crawl Stone Soup version 0.31-a0-1321-g5021b54 (webtiles) character file.

Game seed: 15812134409677918440

58 Meow the Conjurer (level 4, 36/36 HPs)
             Began as a Naga Conjurer on Dec 20, 2023.
             Quit the game on level 3 of the Dungeon.
             The game lasted 00:02:56 (1672 turns).

Meow the Conjurer (Naga Conjurer)                   Turns: 1672, Time: 00:02:57

Health: 36/36      AC:  4    Str: 10    XL:     4   Next: 1%
Magic:  5/8        EV:  9    Int: 20    God:
Gold:   65         SH:  0    Dex:  9    Spells: 6/9 levels left

rFire   . . .        a - +0 dagger
rCold   . . .        (no shield)
rNeg    . . .        g - +0 robe
rPois   +            (no helmet)
rElec   .            (no cloak)
rCorr   .            i - +1 pair of gloves
SInv    +            (no barding)
Will    .....        (no amulet)
Stlth   ++           (no ring)
HPRegen 0.26/turn    (no ring)
MPRegen 0.11/turn

%: no passive effects
@: short of breath, very slow
A: AC +1, large, see invisible, deformed body, poison resistance, slowness 2,
spit poison 1, naga tail 1
a: Spit Poison


You were on level 3 of the Dungeon.
You visited 1 branch of the dungeon, and saw 3 of its levels.

You collected 65 gold pieces.

Inventory:

Hand Weapons
 a - a +0 dagger (weapon)
Missiles
 f - 8 stones
Armour
 g - a +0 robe (worn)
 i - a +1 pair of gloves (worn)
Scrolls
 d - a scroll of teleportation {unknown}
 e - 2 scrolls of identify {unknown}
 j - a scroll of fear {unknown}
Potions
 b - a potion of magic
 c - 2 potions of curing {unknown}
 h - a potion of might {unknown}
 k - a potion of cancellation {unknown}


   Skills:
 - Level 1.5 Dodging
 - Level 3.0 Stealth
 + Level 3.0 Spellcasting
 + Level 4.8 Conjurations


You had 6 spell levels left.
You knew the following spells:

 Your Spells              Type           Power      Damage    Failure   Level
a - Magic Dart            Conj           88%        1d7       1%          1
b - Searing Ray           Conj           44%        2d6       3%          2

Your spell library contained the following spells:

 Spells                   Type           Power      Damage    Failure   Level
 Foxfire                  Conj/Fire      48%        2x1d6     5%          1
 Fulminant Prism          Conj/Alch      6%         3d6       45%         4
 Iskenderun's Mystic Bla  Conj/Tloc      12%        2d5       45%         4
 Plasma Beam              Fire/Air       1%         2x1d11    100%        6
 Starburst                Conj/Fire      6%         6d4       100%        6


Dungeon Overview and Level Annotations

Branches:
Dungeon (3/15)

Altars:


Innate Abilities, Weirdness & Mutations

Your serpentine skin is tough. (AC +1)
You have supernaturally acute eyesight. (SInv)
Armour fits poorly on your strangely shaped body.
Your system is resistant to poisons. (rPois)
You cover ground very slowly.
You can spit poison.
You have a snake-like lower body.


Message History

A frilled lizard comes into view.
You see here an emerald potion.
Aiming: Spit Poison (2% risk of failure)
Press: ? - help, Shift-Dir - straight line, f - frilled lizard
Aim: a frilled lizard (asleep, 100% to hit)
The splash of poison hits the frilled lizard.
You kill the frilled lizard!
Unknown command.
You start waiting.
You have got your breath back.
k - an emerald potion You see here a frilled lizard corpse.
Found a stone staircase leading down. 3 jackals come into view.
You see here 10 gold pieces.
There are monsters nearby!
The jackal barks! x3
The jackal bites you but does no damage.
The jackal closely misses you.
Aiming: Spit Poison (2% risk of failure)
Press: ? - help, Shift-Dir - straight line, f - jackal
Aim: a jackal (50% to hit)
The splash of poison hits the jackal.
The jackal is heavily wounded.
Unknown command.
Casting: Searing Ray (safe; 3% risk of failure)
Confirm with . or Enter, or press ? or * to list all spells.
Aiming: Searing Ray (safe; 3% risk of failure)
Press: ? - help, Shift-Dir - straight line, f/p - jackal
Aim: a jackal (heavily wounded, 72% to hit)
The searing ray hits the jackal.
You kill the jackal!
The searing ray hits the jackal!
You kill the jackal!
The searing ray hits the jackal!
You kill the jackal! (Press . to maintain the ray.)
You have reached level 4!
You feel stronger.
Are you sure you want to abandon this character and quit the game? (Confirm with "yes".)

........# #.#..
...>....+ ....####
........# #.#....
........# #.#...##
........# #.#....#
........# #.#...
#######.######.#.#
.......†.......$>#
#######.######.#@#
#.# #.#.# #.#
#.#†# #.# #.#†#
#.# #.#.# ..#
#.#.# ### ..#..
#.#


There were no monsters in sight!

Vanquished Creatures
  2 adders (D:2)
  A dart slug (D:1)
  4 ball pythons
  2 bats
  4 endoplasms
  4 giant cockroaches
  3 hobgoblins
  3 jackals (D:3)
  3 kobolds (D:1)
  3 quokkas
  2 frilled lizards
  A rat (D:2)
32 creatures vanquished.

Notes
Turn   | Place    | Note
-------+----------+-------------------------------------------
     0 | D:1      | Meow the Naga Conjurer began the quest for the Orb.
     0 | D:1      | Reached XP level 1. HP: 15/15 MP: 3/3
   226 | D:1      | Reached XP level 2. HP: 22/22 MP: 1/5
   229 | D:1      | Learned a level 2 spell: Searing Ray
   894 | D:1      | Found a faded altar of an unknown god.
  1025 | D:2      | Reached XP level 3. HP: 28/28 MP: 2/7
  1645 | D:2      | You fall into a shaft and drop 1 floor!
  1672 | D:3      | Reached XP level 4. HP: 36/36 MP: 5/8
  1672 | D:3      | Quit the game

Illustrated notes

Levels and vault maps discovered:
D:1:      lemuel_arrival_river_passageway, layout_loops_ring,
          dreamdust_ecumenical_altar_hidden_monk_grotto
D:2:      layout_basic, minmay_worlds_worst_comb
D:3:      layout_basic, nicolae_hepliaklqana_hippocampus,
          hellmonk_ghost_happy_afterlife, kennysheep_generic_room_9

Skill      XL: |  1  2  3 |
---------------+----------+-----
Spellcasting   | 3 |  3.0
Dodging        | |  1.5
Stealth        | |  3.0
Conjurations   | |  4.8

Action                     |  1- 3 |  4- 6 || total
---------------------------+-------+-------++-------
   Cast: Magic Dart        |    27 |       ||    27
         Searing Ray       |     7 |       ||     7
Ability: Spit Poison       |    27 |       ||    27
 Armour: Robe              |     8 |       ||     8
  Dodge: Dodged            |     5 |       ||     5

Table legend: (Time is in decaauts)
 A = Elapsed time spent in this place.
 B = Non-inter-level travel time spent in this place.
 C = Inter-level travel time spent in this place.
 D = Time resting spent in this place.
 E = Time spent auto-exploring this place.
 F = Levels seen in this place.
 G = Mean time per level.
                   A        B        C        D        E       F      G
               +--------+--------+--------+--------+--------+-----+--------+
         Total |   2110 |   2099 |     11 |    471 |   1439 |   3 |  703.3 |
       Dungeon |   2110 |   2099 |     11 |    471 |   1439 |   3 |  703.3 |
               +--------+--------+--------+--------+--------+-----+--------+

Top non-repeatable levels by time:
     D:1: 1282 daAuts
     D:2: 794 daAuts
     D:3: 34 daAuts
